 Dungeon Sprint DCSS version 0.19-a0-895-gdbd5520 (webtiles) character file.

89 LORDOFBUTT the Cudgeler (level 4, 28/35 HPs)
             Began as a Demonspawn Gladiator on July 5, 2016.
             Quit the game in the Dungeon (Sprint IX: "|||||||||||||||||||||||||||||").
             The game lasted 00:00:14 (140 turns).

LORDOFBUTT the Cudgeler (Demonspawn Gladiator)       Turns: 140, Time: 00:00:15

Health: 28/35      AC:  3    Str: 16    XL:     4   Next: 31%
Magic:  4/4        EV: 14    Int:  9    God:
Gold:   0          SH:  0    Dex: 14    Spells: 0 memorised, 3 levels left

rFire  . . .     SeeInvis .     a - +0 flail
rCold  . . .     Gourm    .     b - +0 leather armour
rNeg   . . .     Faith    .     (no shield)
rPois  .         Spirit   +     (helmet restricted)
rElec  .         Dismiss  .     (no cloak)
rCorr  .         Reflect  .     (no gloves)
SustAt .         Harm     .     (no boots)
MR     .....     NoTele   +     (no amulet)
Stlth  +.........               (no ring)
                                (no ring)

@: not resistant to hostile enchantments, very unstealthy
A: antennae 1, magic shield
a: no special abilities


You were in the Dungeon.
You were not hungry.

You visited 1 branch

Inventory:

Hand Weapons
 a - a +0 flail (weapon)
Missiles
 d - 3 throwing nets (quivered)
Armour
 b - a +0 leather armour (worn)
 c - a +0 helmet
Scrolls
 k - a scroll of blinking
Potions
 e - a potion of curing
 g - a potion of heal wounds
 h - a potion of haste
 i - 2 potions of magic
 j - a potion of berserk rage
Comestibles
 f - a bread ration


   Skills:
 + Level 3.5 Fighting
 + Level 5.5 Maces & Flails
 + Level 3.1 Throwing
 + Level 1.0 Armour
 + Level 5.3 Dodging


You had 3 spell levels left.
You didn't know any spells.

Dungeon Overview and Level Annotations

Branches:
Dungeon (1/1)

Altars:


Innate Abilities, Weirdness & Mutations

You have a pair of small antennae on your head.
When hurt, damage is shared between your health and your magic reserves.


Message History

Your demonic ancestry asserts itself...
A pair of antennae grows on your head!
Your +0 helmet falls away!
You have reached level 4!
You feel stronger. The bat skeleton misses you.
The bat skeleton barely misses you.
The crimson imp blinks!
You sock the bat skeleton!
You destroy the bat skeleton!
You miss something. Something hits you but does no damage.
You hit something.
A sky beast appears from thin air!
Reactivating autopickup.
The sky beast closely misses you.
You barely miss the sky beast.
The sky beast is lightly wounded.
The sky beast hits you. The sky beast shocks you.
You closely miss the sky beast.
The crimson imp blinks!
The sky beast closely misses you.
You barely miss the sky beast. The sky beast completely misses you.
Are you sure you want to abandon this character and quit the game? (Confirm with "yes".) ▓▓▓▓▓▓▓▓▓▓▓▓▓▓▓▓▓▓ ▓<...5....@Ya....+ ▓▓▓▓▓▓▓▓▓▓▓▓▓▓▓▓▓▓

You could see a sky beast, a worker ant and a crimson imp.

Vanquished Creatures
  An ogre (D)
  A bat skeleton (D)
  A giant cockroach (D)
  A hobgoblin (D)
  2 kobolds (D)
  A rat (D)
7 creatures vanquished.

Notes
Turn   | Place    | Note
-------+----------+-------------------------------------------
     0 | D        | LORDOFBUTT the Demonspawn Gladiator began the quest for the Orb.
     0 | D        | Reached XP level 1. HP: 16/16 MP: 1/1
   127 | D        | Noticed an ogre
   127 | D        | Noticed a crimson imp
   127 | D        | Noticed a sky beast
   127 | D        | Noticed a worker ant
   133 | D        | Killed an ogre
   133 | D        | Reached skill level 5 in Maces & Flails
   133 | D        | Reached skill level 1 in Armour
   133 | D        | Reached skill level 5 in Dodging
   133 | D        | Gained mutation: When hurt, damage is shared between your health and your magic reserves. [demonic ancestry]
   133 | D        | Reached XP level 2. HP: 24/24 MP: 2/2
   133 | D        | Gained mutation: You have a pair of small antennae on your head. [demonic ancestry]
   133 | D        | Reached XP level 3. HP: 29/29 MP: 3/3
   133 | D        | Reached XP level 4. HP: 35/35 MP: 4/4
   140 | D        | Quit the game

Vault maps used:
D:        linesprint

Skill      XL: |  1 |
---------------+----+-----
Maces & Flails | 5 |  5.5
Throwing       | 3 |  3.1
Fighting       | 3 |  3.5
Armour         | 1 |  1.0
Dodging        | 5 |  5.3

Action                   |  1- 3 |  4- 6 || total
-------------------------+-------+-------++-------
Melee: Flail             |    22 |     6 ||    28
Armor: Leather armour    |     3 |     1 ||     4
Dodge: Dodged            |    14 |     5 ||    19
